 Dungeon Crawl Stone Soup version 0.30-b1-2-g02819fbbbe (webtiles) character file.

Game seed: 3673821634719415501

62 Alarkh the Shooter (level 3, -2/27 HPs)
             Began as a Demonspawn Hexslinger on July 9, 2023.
             Slain by a black bear (3 damage)
             ... on level 3 of the Dungeon.
             The game lasted 00:02:14 (1562 turns).

Alarkh the Shooter (Demonspawn Hexslinger)          Turns: 1562, Time: 00:02:15

Health: -2/27      AC:  2    Str: 10    XL:     3   Next: 85%
Magic:  0/4        EV: 12    Int: 16    God:
Gold:   76         SH:  0    Dex: 13    Spells: 3/4 levels left

rFire   . . .        a - +1 sling
rCold   . . .        (no shield)
rNeg    . . .        c - +0 robe
rPois   .            (no helmet)
rElec   .            (no cloak)
rCorr   .            (no gloves)
SInv    .            (no boots)
Will    .....        i - amulet of guardian spirit
Stlth   +            (no ring)
HPRegen 0.24/turn    (no ring)
MPRegen 0.09/turn

%: guardian spirit
@: hasted, very quick
A: weakness stinger 1
a: no special abilities


You were on level 3 of the Dungeon.
You visited 1 branch of the dungeon, and saw 3 of its levels.

You collected 76 gold pieces.

Inventory:

Hand Weapons
 a - a +1 sling (weapon)
Armour
 c - a +0 robe (worn)
Jewellery
 i - an amulet of guardian spirit (around neck)
Scrolls
 b - a scroll of poison
 d - a scroll of teleportation {unknown}
 g - a scroll of fear
 k - a scroll of noise {unknown}
 l - a scroll of amnesia {unknown}
 m - a scroll of identify {unknown}
Potions
 e - 2 potions of curing {unknown}
 f - 2 potions of ambrosia {unknown}
 h - a potion of resistance {unknown}
 j - 2 potions of haste
 n - a potion of magic {unknown}


   Skills:
 + Level 2.2 Fighting
 * Level 3.3 Ranged Weapons
 - Level 1.7 Dodging
 - Level 1.0 Spellcasting
 - Level 3.0 Hexes


You had 3 spell levels left.
You knew the following spells:

 Your Spells              Type           Power      Damage    Failure   Level
a - Slow                  Hex            40%        N/A       7%          1

Your spell library contained the following spells:

 Spells                   Type           Power      Damage    Failure   Level
 Inner Flame              Hex/Fire       5%         N/A       36%         3
 Portal Projectile        Hex/Tloc       10%        N/A       36%         3
 Cause Fear               Hex            5%         N/A       54%         4


Dungeon Overview and Level Annotations

Branches:
Dungeon (3/15)

Altars:

Shops:
D:1 (!


Innate Abilities, Weirdness & Mutations

You have a small tail.


Message History

You shoot a sling bullet.
The sling bullet closely misses the black bear.
You shoot a sling bullet. The sling bullet hits the black bear.
The black bear is lightly wounded.
You shoot a sling bullet.
The sling bullet barely misses the black bear.
You shoot a sling bullet. The sling bullet hits the black bear.
The black bear is lightly wounded.
The black bear is poisoned.
You shoot a sling bullet. The sling bullet hits the black bear.
The black bear is lightly wounded.
The black bear is engulfed in poison gas.
The black bear looks even sicker.
You shoot a sling bullet. The sling bullet hits the black bear.
The black bear is heavily wounded.
The black bear is engulfed in poison gas.
The black bear looks even sicker.
The black bear bites you. The black bear closely misses you.
The black bear misses you.
You shoot a sling bullet. The sling bullet hits the black bear.
The black bear is severely wounded.
The black bear is engulfed in poison gas.
The black bear looks as sick as possible!
The black bear goes berserk!
You shoot a sling bullet.
The sling bullet barely misses the black bear.
The black bear bites you. The black bear misses you.
The black bear closely misses you. x2; The black bear completely misses you.
The black bear claws you. The goblin hits you with a +0 club.
There are monsters nearby!
You shoot a sling bullet.
The sling bullet closely misses the black bear.
The black bear bites you. The black bear barely misses you.
The black bear claws you. The black bear closely misses you. x2
The black bear claws you but does no damage.
The goblin hits you with a +0 club.
* * * LOW HITPOINT WARNING * * *
It was a potion of haste.
You feel yourself speed up. The black bear bites you.
* * * LOW HITPOINT WARNING * * *
The black bear claws you.
You die...

###.### ....... ###.### #.# ###
# ... #. #.# # ### ###.°##○# ##
###..... ..°..lg.###....
........ #.... #@h......
########.#.#.# #.####### #.# #
#.#.#.# #°# #.# ########.#.#.#
#.############.# .........#.#.#
#...)........#.# ##...###.#.#†#
############.#.# #.###.##.#.#.#
##.## #.#.# #.#
#........#######.#.## #.#.#
#.###.................#.###.#.#


You could see a black bear (berserk, very poisoned), a goblin and a frilled
lizard.

Vanquished Creatures
  A worm (D:3)
  A dart slug (D:2)
  An orc (D:3)
  8 ball pythons
  3 bats
  8 endoplasms
  2 giant cockroaches (D:1)
  5 goblins (D:1)
  4 hobgoblins (D:2)
  2 jackals (D:2)
  4 kobolds
  2 frilled lizards
  7 rats
48 creatures vanquished.

Notes
Turn   | Place    | Note
-------+----------+-------------------------------------------
     0 | D:1      | Alarkh the Demonspawn Hexslinger began the quest for the
                  | Orb.
     0 | D:1      | Reached XP level 1. HP: 15/15 MP: 2/2
    71 | D:1      | Gained mutation: You have a small tail. [demonic ancestry]
    71 | D:1      | Reached XP level 2. HP: 21/21 MP: 3/3
    89 | D:1      | Found Gamieqej's Distillery.
    93 | D:1      | Found Bynoekec's Weapon Emporium.
   332 | D:1      | Found a faded altar of an unknown god.
   679 | D:2      | Reached XP level 3. HP: 27/27 MP: 4/4
  1546 | D:3      | Noticed a black bear
  1562 | D:3      | HP: 1/27 [black bear (6)]
  1562 | D:3      | Slain by a black bear

Illustrated notes

Levels and vault maps discovered:
D:1:      lightli_arrival_lavapool, layout_rooms, serial_shops, shop_statue,
          shop, shapermc_ecumenical_altar_mp_highgroup,
          chequers_serial_rivers_micro_d
D:2:      layout_loops_corners, hangedman_decor_riveting, feat_on_display
D:3:      layout_loops_ring

Skill      XL: |  1  2  3 |
---------------+----------+-----
Ranged Weapons | 2 3 |  3.3
Fighting       | 2 |  2.2
Dodging        | |  1.7
Spellcasting   | |  1.0
Hexes          | |  3.0

Action                     || total
---------------------------++-------
   Fire: Sling             ||   159
    Use: Scroll            ||     2
         Potion            ||     1
 Armour: Robe              ||    14
  Dodge: Dodged            ||    50
